 Dungeon Crawl Stone Soup version 0.20-a0-633-gff4aa5c (webtiles) character file.

394 krabocopter the Cudgeler (level 6, -1/40 HPs)
             Began as a Gargoyle Fighter on Feb 11, 2017.
             Slain by an orc
             ... wielding a +1 flail of protection
              (5 damage)
             ... on level 4 of the Dungeon.
             The game lasted 00:05:43 (1587 turns).

krabocopter the Cudgeler (Gargoyle Fighter)         Turns: 1587, Time: 00:05:44

Health: -1/40      AC: 11    Str: 19    XL:     6   Next: 82%
Magic:  6/6        EV:  7    Int:  9    God:
Gold:   83         SH:  9    Dex: 11    Spells: 5/5 levels left

rFire    . . .     SeeInvis .   a - +0 flail
rCold    . . .     Gourm    .   b - +0 scale mail
rNeg     + . .     Faith    .   c - +0 shield
rPois    ∞         Spirit   .   (no helmet)
rElec    +         Reflect  .   (no cloak)
rCorr    .         Harm     .   (no gloves)
MR       .....                  (no boots)
Stlth    ..........             (no amulet)
Regen    0.2/turn               (no ring)
                                (no ring)

@: no status effects
A: negative energy resistance 1, electricity resistance, unbreathing,
petrification resistance, rot immunity, AC +4
a: no special abilities


You were on level 4 of the Dungeon.
You were hungry.

You visited 1 branch of the dungeon, and saw 4 of its levels.

You collected 83 gold pieces.

Inventory:

Hand Weapons
 a - a +0 flail (weapon)
Armour
 b - a +0 scale mail (worn)
 c - a +0 shield (worn)
Jewellery
 r - an uncursed amulet of faith {unknown}
Scrolls
 e - 5 scrolls of identify {unknown}
 k - a scroll of immolation {unknown}
 l - a scroll of magic mapping {unknown}
 n - 5 scrolls of remove curse {unknown}
 o - 2 scrolls of teleportation {unknown}
Potions
 d - a potion of berserk rage {unknown}
 h - a potion of cancellation {unknown}
 m - a potion of ambrosia {unknown}
 p - a potion of lignification
 q - a potion of heal wounds {unknown}
Comestibles
 f - 4 bread rations
 g - a royal jelly
 i - a chunk of flesh
 j - a meat ration


   Skills:
 + Level 5.4 Fighting
 * Level 5.8 Maces & Flails
 - Level 3.2 Armour
 - Level 3.2 Shields


You had 5 spell levels left.
You didn't know any spells.

Dungeon Overview and Level Annotations

Branches:
Dungeon (4/15)
 Temple: D:4-7

Altars:
Ashenzari


Innate Abilities, Weirdness & Mutations

You are resistant to torment.
Your stone body is resilient. (AC +4)
You are immune to poison.
You resist negative energy. (rN+)
You are resistant to electric shocks. (rElec)
You can survive without breathing.
You are immune to petrification.
You are immune to rotting.


Message History

The hound barely misses you. Something hits you but does no damage.
The hound bites you but does no damage. The hound bites you.
* * * LOW HITPOINT WARNING * * *
The orc hits you with a flail of protection.
* * * LOW HITPOINT WARNING * * *
Something hits you but does no damage.
You take 1 damage, and have 4/40 hp.
You feel less confused. The hound bites you but does no damage.
Something hits you but does no damage. The orc barely misses you.
The hound bites you but does no damage. You block the hound's attack.
Something hits you but does no damage. The orc barely misses you.
The hound bites you but does no damage. Something hits you but does no damage.
The ogre barely misses you. You block the hound's attack.
You block the orc's attack. The hound completely misses you.
Something hits you but does no damage. The ogre hits you but does no damage.
The orc hits you with a flail of protection.
You die...

## #.# ....#+# #/
#.# .o ....
#..#.#o. .....
#..#.#. .... ...?
... #.## #.###.###
#....#<......#
#####..†{#####...
.....!..h@O....#
........o##......
............ .....
.......#####......
.#.#... .....
#.#... ##.. #... .
#..


You could see an ogre, a hound and an orc.

Vanquished Creatures
  Grinder (D:3)
  The ghost of Shenda the Chopper, a weakling FoAK of Lugonu (D:3)
  2 orc wizards (D:4)
  Jessica (D:2)
  2 adders (D:2)
  A gnoll (D:3)
  A dart slug (D:1)
  2 leopard geckos
  4 orcs (D:3)
  4 giant cockroaches
  3 hobgoblins
  8 jackals
  3 kobolds (D:1)
  A quokka (D:2)
  A ball python (D:3)
  8 bats
  3 frilled lizards
  7 goblins
  5 rats
58 creatures vanquished.

Notes
Turn   | Place    | Note
-------+----------+-------------------------------------------
     0 | D:1      | krabocopter the Gargoyle Fighter began the quest for the Orb.
     0 | D:1      | Reached XP level 1. HP: 14/14 MP: 1/1
   150 | D:1      | Reached XP level 2. HP: 19/19 MP: 2/2
   563 | D:2      | Noticed Jessica
   575 | D:2      | Killed Jessica
   575 | D:2      | Reached XP level 3. HP: 19/24 MP: 3/3
   767 | D:2      | Reached XP level 4. HP: 19/29 MP: 4/4
  1249 | D:3      | Noticed Grinder
  1249 | D:3      | Noticed Shenda's ghost (weakling FoAK)
  1285 | D:3      | Paralysed by Grinder for 3 turns
  1300 | D:3      | Killed Shenda's ghost
  1300 | D:3      | Reached XP level 5. HP: 25/34 MP: 5/5
  1300 | D:3      | Paralysed by Grinder for 6 turns
  1308 | D:3      | Killed Grinder
  1308 | D:3      | Reached skill level 5 in Fighting
  1308 | D:3      | Reached skill level 5 in Maces & Flails
  1308 | D:3      | Reached XP level 6. HP: 27/40 MP: 6/6
  1373 | D:3      | Found a shattered altar of Ashenzari.
  1587 | D:4      | Slain by an orc

Vault maps used:
D:1:      eino_arrival_tree_alley, lemuel_another_geyser
D:2:      minmay_item_behind_shaft, uniq_jessica
D:3:      old_standard_altar, first_bread, uniq_grinder
D:4:      tgw_trog

Skill      XL: |  1  2  3  4  5 |
---------------+----------------+-----
Maces & Flails | 3 4 5 |  5.8
Fighting       | 4 5 |  5.4
Armour         | |  3.2
Shields        | |  3.2

Action                   |  1- 3 |  4- 6 || total
-------------------------+-------+-------++-------
Melee: Flail             |   101 |   175 ||   276
  Use: Potion            |       |     2 ||     2
  Eat: Chunk             |       |     2 ||     2
Armor: Scale mail        |    58 |   151 ||   209
       Skin              |       |    65 ||    65
Dodge: Dodged            |    33 |    83 ||   116
Block: Shield            |    46 |   119 ||   165
